 Dungeon Crawl Stone Soup version 0.30-b1-2-g02819fbbbe (webtiles) character file.

Game seed: 9694259322577593929

198692 Fartwhistle the Devastator (level 18, -24/117 HPs)
             Began as a Gargoyle Earth Elementalist on June 9, 2023.
             Was the Champion of Vehumet.
             Annihilated by a peacekeeper (27 damage)
             ... on level 2 of the Elven Halls.
             The game lasted 01:56:10 (41850 turns).

Fartwhistle the Devastator (GrEE)                  Turns: 41850, Time: 01:56:12

Health: -24/117    AC: 24    Str: 14    XL:     18   Next: 45%
Magic:  7/36       EV: 14    Int: 27    God:    Vehumet [******]
Gold:   1267       SH:  6    Dex: 10    Spells: 0/46 levels left

rFire   + . .        W - staff of conjuration
rCold   . . .        T - +2 buckler of the Stag {Int+5}
rNeg    + + .        S - +2 robe of Filth {rN+ Archmagi}
rPois   ∞            B - +1 hat
rElec   +            F - +0 cloak
rCorr   .            f - +2 pair of gloves
SInv    +            i - +1 pair of boots {Stlth+}
Will    +....        (no amulet)
Stlth   +++          h - ring of protection from fire
HPRegen 0.39/turn    d - ring of see invisible
MPRegen 0.25/turn

%: archmagi
@: spiked, flying, studying Maces & Flails
A: sickness immunity, AC +13, big wings, negative energy resistance 1,
electricity resistance, torment resistance 1, petrification resistance
}: 1/15 runes: gossamer
a: Renounce Religion


You were on level 2 of the Elven Halls.
You worshipped Vehumet.
Vehumet was exalted by your worship.
You visited 6 branches of the dungeon, and saw 29 of its levels.
You also visited: Ice Cave, Volcano and Desolation.

You collected 2603 gold pieces.
You spent 1336 gold pieces at shops.

Inventory:

Missiles
 A - 5 throwing nets
Armour
 f - a +2 pair of gloves (worn)
 i - a +1 pair of boots of stealth (worn)
 B - a +1 hat (worn)
 C - a +1 robe of willpower
 F - a +0 cloak (worn)
 S - the +2 robe of Filth (worn) {rN+ Archmagi}
   (You found it on level 3 of the Lair of Beasts)

   rN:        It protects you from negative energy.
   Archmagi:  It increases the power of your magical spells.
 T - the +2 buckler of the Stag (worn) {Int+5}
   (You found it on level 5 of the Lair of Beasts)

   Int:       It affects your intelligence (+5).
Magical Staves
 W - a staff of conjuration (weapon)
 X - the staff of air "Opnuac" {rElec rPois rC+ rN++ Int-3}
   (You took it off an orc wizard on level 11 of the Dungeon)

   [staff of air]

   Base accuracy: +5 Base damage: 5 Base attack delay: 1.2 This weapon's minimum
   attack delay (0.6) is reached at skill level 12.
   Int:       It affects your intelligence (-3).
   rC:        It protects you from cold.
   rElec:     It insulates you from electricity.
   rPois:     It protects you from poison.
   rN:        It greatly protects you from negative energy.
   It falls into the 'Staves' category.
   It is a one-handed weapon.
Jewellery
 d - a ring of see invisible (right hand)
 h - a ring of protection from fire (left hand)
 G - a ring of protection from fire
 I - a ring of magical power
 K - the ring "Coiran" {rN++ Int+6 Dex-2 Stlth+}
   (You acquired it on level 4 of the Spider Nest)

   [ring of intelligence]

   Int:       It affects your intelligence (+6).
   Dex:       It affects your dexterity (-2).
   rN:        It greatly protects you from negative energy.
   Stlth:     It makes you more stealthy.
 Z - a ring of resist corrosion
Wands
 c - a wand of flame (30)
 s - a wand of paralysis (19)
 t - a wand of roots (31)
 x - a wand of mindburst (18)
 N - a wand of polymorph (12)
 R - a wand of acid (3)
Scrolls
 g - a scroll of torment {unknown}
 k - 16 scrolls of teleportation
 l - 6 scrolls of enchant weapon
 p - 3 scrolls of blinking
 q - 8 scrolls of fog
 u - 5 scrolls of immolation
 y - a scroll of silence
 z - 3 scrolls of vulnerability
 H - 3 scrolls of enchant armour
 L - 5 scrolls of fear
 M - 2 scrolls of brand weapon
 Y - 2 scrolls of poison
Potions
 a - 2 potions of invisibility
 e - 11 potions of attraction
 j - 19 potions of curing
 m - 9 potions of heal wounds
 n - a potion of lignification
 o - 6 potions of mutation
 r - 3 potions of haste
 v - 4 potions of berserk rage
 D - 4 potions of flight
 E - 4 potions of might
 J - a potion of cancellation
 O - a potion of resistance
 Q - 2 potions of magic
 U - 2 potions of brilliance
Miscellaneous
 b - a phantom mirror (inert)
 w - a lightning rod (3/4)
 P - a condenser vane
 V - a phial of floods


   Skills:
 - Level 14.7 Fighting
 - Level 9.7 Dodging
 - Level 2.1 Stealth
 - Level 2.0 Shields
 - Level 14.7 Spellcasting
 - Level 18.9 Conjurations
 - Level 2.0 Transmutations
 + Level 5.3 Ice Magic
 - Level 15.9 Earth Magic
 - Level 6.2 Evocations


You couldn't memorise any spells.
You knew the following spells:

 Your Spells              Type           Power      Damage    Failure   Level
a - Sandblast             Erth           100%       2d20      0%          1
b - Stone Arrow           Conj/Erth      100%       3d13      0%          3
c - Iskenderun's Battles  Conj           100%       2d15      1%          5
d - Iron Shot             Conj/Erth      65%        9d12      1%          6
e - Chain Lightning       Conj/Air       51%        3d68      100%        9
f - Fulminant Prism       Conj/Hex       51%        3d23      1%          4
g - Conjure Ball Lightni  Conj/Air       51%        3x3d18    3%          6
h - Magic Dart            Conj           100%       1d8       0%          1
i - Starburst             Conj/Fire      51%        6d14      3%          6
j - Freezing Cloud        Conj/Ice/Air   48%        6-21      1%          5

Your spell library contained the following spells:

 Spells                   Type           Power      Damage    Failure   Level
 Maxwell's Capacitive Co  Air            14%        ∞         100%        8
 Polar Vortex             Ice            32%        N/A       100%        9
 Freeze                   Ice            100%       1d10      1%          1
 Momentum Strike          Conj/Tloc      100%       3d10      1%          2
 Passwall                 Tmut/Erth      66%        N/A       1%          2
 Dazzling Flash           Conj/Hex       100%       N/A       1%          3
 Frozen Ramparts          Ice            100%       1d16      1%          3
 Hailstorm                Conj/Ice       100%       3d20      1%          3
 Mephitic Cloud           Conj/Pois/Air  88%        N/A       1%          3
 Animate Armour           Summ/Erth      100%       N/A       1%          4
 Flame Wave               Conj/Fire      100%       2d21      1%          4
 Iskenderun's Mystic Bla  Conj/Tloc      100%       2d19      1%          4
 Leda's Liquefaction      Hex/Erth       38%        N/A       1%          4
 Petrify                  Tmut/Erth      80%        N/A       1%          4
 Sticky Flame             Conj/Fire      100%       2d11      1%          4
 Arcjolt                  Conj/Air       51%        1d61      1%          5
 Lee's Rapid Deconstruct  Erth           51%        3d24*     1%          5
 Slow                     Hex            100%       N/A       3%          1
 Inner Flame              Hex/Fire       29%        N/A       3%          3
 Blink                    Tloc           58%        N/A       5%          2
 Call Imp                 Summ           58%        N/A       5%          2
 Lesser Beckoning         Tloc           58%        N/A       5%          2
 Lehudib's Crystal Spear  Conj/Erth      65%        10d15     5%          8
 Ice Form                 Ice/Tmut       56%        N/A       8%          4
 Olgreb's Toxic Radiance  Pois           29%        N/A       10%         4
 Call Canine Familiar     Summ           29%        N/A       11%         3
 Confusing Touch          Hex            29%        N/A       11%         3
 Gell's Gravitas          Tloc           29%        N/A       11%         3
 Portal Projectile        Hex/Tloc       58%        N/A       11%         3
 Teleport Other           Tloc           29%        N/A       11%         3
 Vampiric Draining        Necr           29%        2d8       11%         3
 Vhi's Electric Charge    Tloc/Air       58%        N/A       11%         3
 Summon Ice Beast         Ice/Summ       51%        N/A       12%         4
 Spellforged Servitor     Conj/Summ      51%        N/A       17%         7
 Anguish                  Hex/Necr       14%        N/A       34%         4
 Cause Fear               Hex            14%        N/A       34%         4
 Eringya's Noxious Bog    Tmut/Pois      18%        N/A       63%         6
 Agony                    Necr           29%        N/A       69%         5
 Silence                  Hex/Air        14%        N/A       69%         5
 Summon Forest            Summ/Tloc      14%        N/A       69%         5
 Summon Mana Viper        Hex/Summ       29%        N/A       69%         5
 Plasma Beam              Fire/Air       14%        2x1d28    77%         6
 Simulacrum               Ice/Necr       25%        N/A       88%         6
 Dispersal                Tloc           14%        N/A       99%         6
 Summon Cactus Giant      Summ           14%        N/A       99%         6
 Enfeeble                 Hex            14%        N/A       100%        7
 Malign Gateway           Summ/Tloc      14%        N/A       100%        7
 Monstrous Menagerie      Summ           14%        N/A       100%        7
 Summon Hydra             Summ           14%        N/A       100%        7
 Discord                  Hex            14%        N/A       100%        8
 Ignition                 Fire           14%        3d6       100%        8
 Summon Horrible Things   Summ           14%        N/A       100%        8
 Statue Form              Tmut/Erth      Unusable   N/A       N/A         6

Dungeon Overview and Level Annotations

Branches:
Dungeon (15/15)            Temple (1/1) D:7            Lair (5/5) D:8
 Shoals (0/4) Lair:3       Spider (4/4) Lair:3        Slime (0/5) Lair:4
    Orc (2/2) D:10            Elf (2/3) Orc:2        Vaults (0/5) D:13
 Depths (0/4) D:15          IceCv (visited)         Volcano (visited)
Desolation (visited)

Altars:
Ashenzari
Dithmenos
Elyvilon
Fedhas
Gozag
Hepliaklqana
Kikubaaqudgha
Makhleb
Nemelex Xobeh
Okawaru
Qazlal
Ru
Sif Muna
Trog
Uskayaw
Vehumet
Wu Jian
Xom
Yredelemnul
Zin
The Shining One
Jiyva

Shops:
D:8 !   D:9 ((   Orc:1 **:   Orc:2 ((!:   Elf:1 ?   Elf:2 *

Annotations:
D:6 1 runed translucent door, Lolow's ghost, novice HuCA
D:7 1 runed translucent door, Crazy Yiuf
D:14 1 transporter
Temple 2 transporters
Lair:3 2 transporters
Elf:1 4 transporters


Innate Abilities, Weirdness & Mutations

You are immune to sickness and miasma.
Your stone body is resilient. (AC +13)
You are immune to poison.
Your large and strong wings let you fly.
You resist negative energy. (rN+)
You are resistant to electric shocks. (rElec)
You are resistant to unholy torment.
You are immune to petrification.


Message History

The peacekeeper roars!
Your battlesphere fires!
The barrage of energy hits the peacekeeper but does no damage.
The peacekeeper is lightly damaged.
The peacekeeper roars a battlecry! x2
The peacekeeper goes into a battle-frenzy!
The peacekeeper hurls a volley of spikes at you.
The volley of spikes hits you.
The barbed spikes become lodged in your body.
A saltling comes into view.
You feel a surge of power!
The blast of sand hits the peacekeeper but does no damage.
The peacekeeper is lightly damaged.
Your battlesphere fires!
The barrage of energy hits the saltling!
The saltling is moderately damaged.
The peacekeeper roars a battlecry!
The golems go into a battle-frenzy!
The peacekeeper bites you!! The peacekeeper claws you!
* * * LOW HITPOINT WARNING * * *
The peacekeeper barely misses you.
The peacekeeper claws you but does no damage.
The barbs in your skin will harm you if you move.
Continue?
The peacekeeper bites you but does no damage.
The peacekeeper closely misses you.
The peacekeeper bites you but does no damage.
The peacekeeper closely misses you.
The barbed spikes dig painfully into your body as you move.
* * * LOW HITPOINT WARNING * * *
Welcome back to the Elven Halls!
Your battlesphere wavers and loses cohesion.
Found a broad axe.
There is a collapsed entrance here.
You feel much better. The peacekeeper bites you.
The peacekeeper barely misses you. The peacekeeper bites you!!
* * * LOW HITPOINT WARNING * * *
The peacekeeper claws you!
* * * LOW HITPOINT WARNING * * *
The peacekeeper bites you!!
You die...

#.P ). ## #.. .#.## ##
#... .......# #....
.......# #...##..#...#
.....§§..$.##
#.9§§§#..># #.§@9§#..#
#.§§§§...# ###
#..§§§#..# #.#
#....#§##...# ##.##
..$..§§§...[#####+...#
#.....!.....[[)).'....##
#.#.....##$...####.....#
#....... ###### ##.....#
#### #....<..


You could see 2 peacekeepers.

Vanquished Creatures
  A tengu reaver (D:13)
  An azure jelly (IceCv)
  Roxanne (D:15)
  8 emperor scorpions
  Louise (Spider:4)
  9 ghost moths
  A very ugly thing (D:15)
  A quicksilver ooze (IceCv)
  2 deep elf annihilators
  Snorg (Orc:2)
  A deep elf death mage (Elf:2)
  The ghost of snakesoul the Thaumaturge, a journeyman DjFE of Makhleb (Orc:1)
  A great orb of eyes (D:15)
  5 entropy weavers
  A ragged hierophant (Desolation)
  A servant of whispers (Elf:2)
  6 hydras
  4 vault guards (D:13)
  An ogre mage (Volcano)
  A catoblepas (Lair:5)
  3 radroaches
  A peacekeeper (Elf:2)
  9 boulder beetles
  8 centaur warriors
  6 dancing weapons
  6 two-headed ogres
  A tengu warrior (D:15)
  Erica (D:9)
  8 death yaks
  A deep troll shaman (Lair:5)
  4 orc high priests (Orc:2)
  A hell knight (Volcano)
  Sonja (Lair:2)
  4 deep elf knights
  Nergalle (Lair:2)
  A skyshark (Lair:5)
  10 skeletal warriors
  4 pharaoh ants
  A sun moth (Spider:3)
  10 orb spiders
  An ironbound convoker (Desolation)
  A wizard (D:13)
  6 orc knights
  8 deep elf archers
  8 deep elf zephyrmancers
  4 steelbarb worms
  12 deep elf pyromancers
  21 wolf spiders
  8 ugly things
  3 orc sorcerers
  3 moths of wrath
  5 cyclopes
  5 manticores
  7 elephants
  5 black mambas
  2 ice statues (IceCv)
  A molten gargoyle (Desolation)
  9 demonic crawlers
  4 torpor snails
  14 cane toads
  A gargoyle (D:12)
  A torpor snail (shapeshifter) (D:15)
  Maggie (D:7)
  Psyche (D:9)
  A rime drake (shapeshifter) (D:14)
  5 unseen horrors
  A tengu conjurer (D:15)
  A yaktaur (D:13)
  2 rime drakes
  11 komodo dragons
  A freezing wraith (D:13)
  A queen bee (Spider:3)
  15 meliai
  2 trolls
  A hornet (D:15)
  4 polar bears
  Grinder (D:5)
  23 tarantellas
  7 saltlings
  Prince Ribbit (D:5)
  5 blink frogs (Lair:5)
  25 culicivoras
  16 dream sheep
  21 jumping spiders
  Sigmund (D:2)
  A centaur simulacrum (D:13)
  A wraith (D:12)
  2 air elementals
  32 slime creatures
  Eustachio (D:4)
  2 shadows (D:12)
  3 basilisks
  36 yaks
  4 fire bats (Lair:4)
  2 vampires
  3 wyverns
  A human (D:13)
  55 redbacks
  9 vampire mosquitoes
  3 steam dragons
  Menkaure (D:7)
  7 wargs
  3 acid dragons
  11 water moccasins
  19 orc warriors
  An ice beast (D:4)
  8 black bears
  5 great orb of eyes simulacra (IceCv)
  4 ogres
  19 wolves
  15 centaurs
  2 slime creature simulacra (IceCv)
  6 phantoms
  2 kobold brigands
  10 bullfrogs
  2 gnoll sergeants
  3 glowing shapeshifter simulacra (IceCv)
  3 scorpions
  2 earth elementals (Elf:1)
  A wyvern zombie (D:5)
  13 wights
  28 killer bees
  2 electric eels
  7 howler monkeys
  2 bullfrog zombies (D:5)
  A lava snake (Lair:4)
  2 centaur zombies (D:5)
  4 hounds
  2 jellies
  21 orc priests
  3 gnoll boudas
  Jessica (D:2)
  2 iguanas
  2 scorpion zombies (D:5)
  Natasha (thrice) (D:3)
  26 orc wizards
  A shapeshifter simulacrum (IceCv)
  A hound zombie (D:5)
  2 howler monkey zombies (D:5)
  23 gnolls
  9 adders
  A shadow imp (D:8)
  12 white imps (D:11)
  An ufetubus (D:5)
  An adder zombie (D:5)
  A dart slug (D:1)
  71 orcs
  6 bats (D:1)
  7 endoplasms
  8 hobgoblins
  5 jackals
  4 quokkas
  3 training dummies (D:9)
  7 ball pythons
  4 frilled lizards
  4 goblins
  16 kobolds
  2 rats
992 creatures vanquished.

Vanquished Creatures (others)
  41 ball lightnings
  9 demonic plants (D:1)
  52 fulminant prisms
  49 fungi
  138 plants
  10 withered plants
299 creatures vanquished.

Grand Total: 1291 creatures vanquished

Notes
Turn   | Place    | Note
-------+----------+-------------------------------------------
     0 | D:1      | Fartwhistle the Gargoyle Earth Elementalist began the quest
                  | for the Orb.
     0 | D:1      | Reached XP level 1. HP: 10/10 MP: 3/3
   163 | D:1      | Reached skill level 1 in Transmutations
   214 | D:1      | Reached XP level 2. HP: 2/15 MP: 3/5
   557 | D:1      | Found a faded altar of an unknown god.
  1033 | D:1      | Reached XP level 3. HP: 19/19 MP: 4/6
  1239 | D:2      | Reached XP level 4. HP: 24/24 MP: 4/8
  1299 | D:2      | Found an iron altar of Okawaru.
  1353 | D:2      | Noticed Sigmund
  1476 | D:2      | Learned a level 3 spell: Stone Arrow
  1536 | D:2      | Noticed Jessica
  1540 | D:2      | Killed Jessica
  1860 | D:3      | Reached XP level 5. HP: 28/28 MP: 7/9
  2017 | D:3      | Noticed Natasha
  2022 | D:3      | Killed Natasha
  2023 | D:3      | Reached skill level 1 in Conjurations
  2023 | D:3      | Reached skill level 5 in Earth Magic
  2091 | D:3      | Noticed Natasha
  2095 | D:3      | Killed Natasha
  2139 | D:3      | Noticed Natasha
  2145 | D:3      | Killed Natasha
  2393 | D:3      | Reached skill level 2 in Conjurations
  2611 | D:4      | Noticed Eustachio
  2749 | D:4      | Reached XP level 6. HP: 32/32 MP: 8/11
  2798 | D:4      | Noticed a black bear
  2925 | D:4      | Killed Eustachio
  2926 | D:4      | Reached skill level 3 in Conjurations
  3059 | D:4      | Reached XP level 7. HP: 32/36 MP: 9/13
  3292 | D:4      | Reached skill level 4 in Conjurations
  3637 | D:5      | Entered Level 5 of the Dungeon
  3637 | D:5      | Noticed Grinder
  3681 | D:2      | Killed Sigmund
  3682 | D:2      | Reached skill level 5 in Conjurations
  3994 | D:4      | Reached XP level 8. HP: 19/41 MP: 6/15
  4106 | D:5      | Reached skill level 6 in Conjurations
  4110 | D:5      | Reached skill level 5 in Spellcasting
  4218 | D:5      | Killed Grinder
  4258 | D:5      | Reached skill level 7 in Conjurations
  4509 | D:5      | Reached XP level 9. HP: 43/45 MP: 12/17
  4599 | D:5      | Reached skill level 8 in Conjurations
  4740 | D:5      | Learned a level 5 spell: Iskenderun's Battlesphere
  4957 | D:5      | Noticed Prince Ribbit
  5020 | D:5      | Reached skill level 1 in Fighting
  5151 | D:5      | Found a basalt altar of Yredelemnul.
  5159 | D:5      | Found a bloodstained altar of Trog.
  5268 | D:5      | Killed Prince Ribbit
  5966 | D:6      | Reached skill level 9 in Conjurations
  6270 | D:6      | Found a runed translucent door.
  6270 | D:6      | Noticed Lolow's ghost (novice HuCA)
  6421 | D:7      | Noticed Maggie
  6431 | D:7      | Killed Maggie
  6511 | D:7      | Reached XP level 10. HP: 56/56 MP: 15/19
  6520 | D:7      | Learned a level 6 spell: Iron Shot
  6582 | D:7      | Noticed Menkaure
  6598 | D:7      | Killed Menkaure
  6772 | D:7      | Reached skill level 10 in Conjurations
  6902 | D:7      | Found a runed translucent door.
  6903 | D:7      | Noticed Crazy Yiuf
  7149 | D:7      | Found a staircase to the Ecumenical Temple.
  7380 | Temple   | Entered the Ecumenical Temple
  7380 | Temple   | Found a transporter.
  7380 | Temple   | Found a transporter.
  7382 | Temple   | Found a transporter.
  7382 | Temple   | Found a transporter.
  7400 | Temple   | Became a worshipper of Vehumet
  7517 | D:8      | Found a staircase to the Lair.
  8065 | D:8      | Reached * piety under Vehumet
  8065 | D:8      | Offered knowledge of Magic Dart by Vehumet.
  8191 | D:8      | Found a sacrificial altar of Ru.
  8192 | D:8      | Noticed a two-headed ogre
  8206 | D:8      | Killed a two-headed ogre
  8207 | D:8      | Reached skill level 5 in Fighting
  8207 | D:8      | Reached skill level 11 in Conjurations
  8492 | D:8      | Reached skill level 10 in Earth Magic
  8516 | D:8      | Found Wairic's Distillery.
  8540 | D:8      | Bought a potion of heal wounds for 75 gold pieces
  8540 | D:8      | Bought 2 potions of heal wounds for 150 gold pieces
  8540 | D:8      | Bought a potion of heal wounds for 75 gold pieces
  8884 | D:9      | Noticed Psyche
  9026 | D:9      | Noticed Erica
  9034 | D:9      | Killed Erica
  9035 | D:9      | Reached XP level 11. HP: 64/64 MP: 9/22
  9126 | D:9      | Found Kutt's Firing Range.
  9192 | D:9      | Killed Psyche
  9511 | D:9      | Offered knowledge of Searing Ray by Vehumet.
  9512 | D:9      | Reached ** piety under Vehumet
  9862 | D:9      | Reached skill level 12 in Conjurations
  9971 | D:9      | Found Cilaokh's Weapon Boutique.
 10055 | D:10     | Entered Level 10 of the Dungeon
 10415 | D:10     | Offered knowledge of Scorch by Vehumet.
 10518 | D:10     | Found a staircase to the Orcish Mines.
 10914 | Lair:1   | Entered Level 1 of the Lair of Beasts
 11148 | Lair:1   | Learned a level 3 spell: Mephitic Cloud
 11546 | Lair:1   | Reached XP level 12. HP: 56/72 MP: 16/24
 11664 | Lair:1   | Reached skill level 13 in Conjurations
 12261 | Lair:2   | Noticed Sonja
 12384 | Lair:2   | Killed Sonja
 12531 | Lair:2   | Reached *** piety under Vehumet
 12592 | Lair:2   | Noticed a boulder beetle
 12596 | Lair:2   | Noticed Nergalle
 12894 | Lair:2   | Killed a boulder beetle
 12976 | Lair:2   | Killed Nergalle
 13416 | Lair:3   | Offered knowledge of Dazzling Flash by Vehumet.
 13472 | Lair:3   | Found a transporter.
 13577 | Lair:3   | Reached skill level 14 in Conjurations
 13696 | Lair:3   | Identified the +2 robe of Filth {rN+ Archmagi}
 13945 | Lair:3   | Noticed a six-headed hydra
 13951 | Lair:3   | Killed a six-headed hydra
 13983 | Lair:3   | Found a transporter.
 13983 | Lair:3   | Found a staircase to the Shoals.
 14261 | Lair:3   | Reached XP level 13. HP: 79/79 MP: 19/26
 14319 | Lair:3   | Found a hole to the Spider Nest.
 14441 | Lair:3   | Reached **** piety under Vehumet
 14442 | Lair:3   | Reached skill level 5 in Dodging
 15111 | Lair:4   | Offered knowledge of Fulminant Prism by Vehumet.
 15117 | Lair:4   | Learned a level 4 spell: Fulminant Prism
 15132 | Lair:4   | Found an iron altar of Okawaru.
 15394 | Lair:4   | Reached skill level 15 in Conjurations
 15759 | Lair:4   | Found a viscous altar of Jiyva.
 15760 | Lair:4   | Found a staircase to the Slime Pits.
 16282 | Lair:5   | Entered Level 5 of the Lair of Beasts
 16364 | Lair:5   | Learned a level 2 spell: Passwall
 16416 | Lair:5   | Reached skill level 10 in Spellcasting
 16496 | Lair:5   | Found a dark tunnel.
 16506 | Volcano  | Entered a volcano
 16712 | Volcano  | Learned a level 1 spell: Magic Dart
 17161 | Lair:5   | Gained mutation: Your large and strong wings let you fly.
                  | [Gargoyle growth]
 17161 | Lair:5   | Reached XP level 14. HP: 87/87 MP: 21/28
 17535 | Lair:5   | Reached ***** piety under Vehumet
 17536 | Lair:5   | Reached skill level 16 in Conjurations
 17791 | Lair:5   | Offered knowledge of Olgreb's Toxic Radiance by Vehumet.
 17867 | Lair:5   | Reached skill level 10 in Fighting
 18968 | Lair:5   | Identified the +2 buckler of the Stag {Int+5}
 19340 | D:10     | Reached skill level 1 in Shields
 19424 | D:11     | Found a frozen archway.
 19450 | IceCv    | Entered an ice cave
 19911 | IceCv    | Offered knowledge of Starburst by Vehumet.
 20133 | IceCv    | Noticed a quicksilver ooze
 20137 | IceCv    | Killed a quicksilver ooze
 20488 | IceCv    | Noticed an azure jelly
 20492 | IceCv    | Killed an azure jelly
 20623 | IceCv    | Found a viscous altar of Jiyva.
 20671 | IceCv    | Identified the amulet "Nuwkuvi" {Faith Regen+}
 20762 | IceCv    | Learned a level 6 spell: Starburst
 20816 | D:11     | Reached skill level 17 in Conjurations
 21295 | D:11     | Reached XP level 15. HP: 93/93 MP: 26/30
 21346 | D:11     | Identified the staff of air "Opnuac" {rElec rPois rC+ rN++
                  | Int-3}
 22783 | D:12     | Found an ancient bone altar of Kikubaaqudgha.
 23440 | D:12     | You are sucked into a shaft and drop 1 floor!
 24716 | D:13     | Reached skill level 18 in Conjurations
 24871 | D:13     | Identified the +2 dire flail of Due Proportion {flame,
                  | rPois Int+4}
 24943 | D:13     | Noticed a tengu reaver
 24949 | D:13     | Killed a tengu reaver
 25453 | D:13     | Found a gate to the Vaults.
 25609 | D:12     | Offered knowledge of Freezing Cloud by Vehumet.
 25970 | D:14     | Found a transporter.
 26033 | D:14     | Reached skill level 15 in Earth Magic
 26178 | D:14     | Learned a level 5 spell: Freezing Cloud
 26791 | D:15     | Entered Level 15 of the Dungeon
 27029 | D:15     | Noticed Roxanne
 27035 | D:15     | Killed Roxanne
 27163 | D:15     | Reached skill level 1 in Evocations
 27579 | D:15     | Reached XP level 16. HP: 101/101 MP: 31/31
 27672 | D:15     | Identified the +2 longbow "Aseof" {heavy, rF- rN++ Str+8}
 28502 | D:15     | Found a staircase to the Depths.
 28806 | Orc:1    | Entered Level 1 of the Orcish Mines
 28820 | Orc:1    | Found Cumom's Book Boutique.
 28945 | Orc:1    | Found Rierias's Assorted Antiques.
 28953 | Orc:1    | Bought a scroll labelled XEREHA FAONI for 27 gold pieces
 28953 | Orc:1    | Bought a slimy ring mail for 243 gold pieces
 28953 | Orc:1    | Identified the +2 ring mail of the Present {+Inv rPois
                  | rCorr Dex+3} (You bought it in a shop on level 1 of the
                  | Orcish Mines)
 28953 | Orc:1    | Bought a potion of curing for 81 gold pieces
 28990 | Orc:1    | Found a runed translucent door.
 28993 | Orc:1    | Noticed snakesoul's ghost (journeyman DjFE)
 29129 | Orc:1    | Found Ybraph's General Store.
 29426 | Orc:1    | Bought a scroll of identify for 28 gold pieces
 29594 | Orc:1    | Killed snakesoul's ghost
 29650 | Orc:2    | Entered Level 2 of the Orcish Mines
 29650 | Orc:2    | Noticed Snorg
 29656 | Orc:2    | Killed Snorg
 29656 | Orc:2    | Reached ****** piety under Vehumet
 29920 | Orc:2    | Offered knowledge of Conjure Ball Lightning by Vehumet.
 30407 | Orc:2    | Found a staircase to the Elven Halls.
 30834 | Orc:2    | Found Lifeuc's Antique Weapon Boutique.
 30834 | Orc:2    | Found Asit's Antique Weapon Boutique.
 30835 | Orc:2    | Found Poupn's Distillery.
 30839 | Orc:2    | Found Dagis's Book Shop.
 30847 | Orc:2    | Bought a book of Armaments for 504 gold pieces
 30855 | Orc:2    | Learned a level 6 spell: Conjure Ball Lightning
 31319 | Spider:1 | Entered Level 1 of the Spider Nest
 31726 | Spider:1 | Offered knowledge of Ozocubu's Refrigeration by Vehumet.
 32669 | Spider:1 | Reached skill level 5 in Evocations
 33557 | Spider:1 | Identified the +0 short sword of Qaliad {freeze, +Blink
                  | rElec Dex+4}
 33823 | Spider:2 | Offered knowledge of Irradiate by Vehumet.
 33832 | Spider:2 | Reached XP level 17. HP: 104/109 MP: 21/33
 34335 | Spider:2 | Identified the +4 ring mail "Zemyleiz" {rN+ Dex+3}
 36154 | Spider:3 | Offered knowledge of Orb of Destruction by Vehumet.
 36662 | Spider:4 | Entered Level 4 of the Spider Nest
 36868 | Spider:4 | Identified a scroll of acquirement
 36868 | Spider:4 | Acquired the ring "Coiran" {rN++ Int+6 Dex-2 Stlth+}
 38669 | Spider:4 | Noticed Louise
 38681 | Spider:4 | Killed Louise
 38681 | Spider:4 | Offered knowledge of Chain Lightning by Vehumet.
 38681 | Spider:4 | Offered knowledge of Polar Vortex by Vehumet.
 38681 | Spider:4 | Offered knowledge of Maxwell's Capacitive Coupling by
                  | Vehumet.
 39157 | Spider:4 | Reached XP level 18. HP: 79/117 MP: 3/35
 39569 | Spider:4 | Got a gossamer rune of Zot
 39994 | Elf:1    | Entered Level 1 of the Elven Halls
 40016 | Elf:1    | Paralysed by an air elemental for 1 turns
 40023 | Elf:1    | Paralysed by an air elemental for 1 turns
 40027 | Elf:1    | Paralysed by an air elemental for 1 turns
 40290 | Elf:1    | Got the Octavo of Gravity
 40900 | Elf:1    | Found an ornate altar of the Wu Jian Council.
 40900 | Elf:1    | Found a transporter.
 40911 | Elf:1    | Learned a level 9 spell: Chain Lightning
 40933 | Elf:1    | Found a transporter.
 41165 | Elf:1    | Found a transporter.
 41192 | Elf:1    | Found a transporter.
 41192 | Elf:1    | Found an ornate altar of the Wu Jian Council.
 41192 | Elf:1    | Noticed a deep elf blademaster
 41324 | Elf:1    | Found Qarrue's Magic Scroll Emporium.
 41331 | Elf:1    | Bought a scroll of teleportation for 51 gold pieces
 41331 | Elf:1    | Bought a scroll of teleportation for 51 gold pieces
 41331 | Elf:1    | Bought a scroll of teleportation for 51 gold pieces
 41382 | Elf:1    | Reached skill level 1 in Ice Magic
 41670 | Elf:2    | Paralysed by an air elemental for 1 turns
 41679 | Elf:2    | Found Koagypna's Assorted Antiques.
 41795 | Elf:2    | Found a crumbling gateway.
 41806 | Desolati | Entered the Desolation of Salt
 41834 | Desolati | Reached skill level 5 in Ice Magic
 41850 | Elf:2    | HP: 3/117 [peacekeeper (16)]
 41850 | Elf:2    | Annihilated by a peacekeeper

Illustrated notes

Levels and vault maps discovered:
D:1:      kennysheep_arrival_forest, layout_basic, shapermc_ecumenical_altar_gd,
          minmay_3d_cube
D:2:      layout_basic, basic_altar, chequers_serial_rivers_micro_e,
          minmay_pentomino_x4, uniq_sigmund, uniq_jessica
D:3:      layout_loops_cross, uniq_natasha
D:4:      layout_rooms, uniq_eustachio
D:5:      layout_layer_cave, mainiacjoe_overflow_big_doors, serial_undead,
          serial_undead_f, serial_undead_b, serial_undead_b, serial_undead_c,
          serial_undead_a, serial_undead_e, st_stairs_2, uniq_prince_ribbit1,
          uniq_grinder
D:6:      layout_basic, gammafunk_ghost_grave
D:7:      layout_rooms, minmay_temple_entry_glassed_door, uniq_menkaure,
          uniq_maggie, uniq_crazy_yiuf_cottage
D:8:      layout_loops_ring, hangedman_ru_absence, due_lair_maze_entry_diamond,
          serial_shops, shop_fountains
D:9:      layout_cave_pools, serial_shops, nicolae_shop_behind_doors,
          minmay_misc_feat_encased, nicolae_shop_firing_range, uniq_psyche,
          uniq_erica
D:10:     layout_roguey, minmay_orc_entry_guard_dogs
D:11:     layout_cave_pods, portal_ice_cave_entry_imps, minmay_pinched_square
D:12:     layout_stronghold, kiku_gazebo_garden_becter
D:13:     minmay_the_grid_net [minmay_the_grid_empty, minmay_the_grid_gridbox,
          minmay_the_grid_expand, minmay_the_grid_aliased_spiral,
          minmay_the_grid_eight, minmay_the_grid_prize_inner_circle],
          layout_irregular_city, grunt_vaults_entry_fortified
D:14:     layout_small_grid, corexii_leaking_fountain, nicolae_diode_basic
D:15:     gammafunk_enter_depths_forms, layout_irregular_city,
          roderic_lattice_a, uniq_roxanne
Temple:   hellmonk_temple_divided_pantheon
Lair:1:   layout_chaotic_city, wad_woods_river_01
Lair:2:   layout_concentric_octagons, grunt_megastairs_2, lemuel_fruit_tree,
          serial_bayou_shore_a, uniq_nergalle, uniq_sonja
Lair:3:   gammafunk_worm_tunnel, layout_regular_city,
          minmay_shoals_entry_centaurs, nicolae_spider_entry_orb_guardian
Lair:4:   layout_gridlike, dpeg_slime_entry_enclosed, basic_altar, minivault_23,
          st_stairs_4
Lair:5:   grunt_lair_end_beastmaster, layout_big_grid,
          nicolae_volcano_entry_lava_flow
Spider:1: nicolae_spider_hilbert_zone_3 [nicolae_spider_hilbert_4_sides_2_open,
          nicolae_spider_hilbert_3_sides_1_open,
          nicolae_spider_hilbert_3_sides_1_open,
          nicolae_spider_hilbert_3_sides_1_open,
          nicolae_spider_hilbert_3_sides_1_open,
          nicolae_spider_hilbert_4_sides_1_open,
          nicolae_spider_hilbert_4_sides_1_open,
          nicolae_spider_hilbert_4_sides_1_open,
          nicolae_spider_hilbert_4_sides_1_open,
          nicolae_spider_hilbert_4_sides_1_open,
          nicolae_spider_hilbert_4_sides_1_open,
          nicolae_spider_hilbert_4_sides_1_open,
          nicolae_spider_hilbert_4_sides_1_open,
          nicolae_spider_hilbert_3_sides_1_open,
          nicolae_spider_hilbert_3_sides_1_open,
          nicolae_spider_hilbert_3_sides_1_open,
          nicolae_spider_hilbert_3_sides_1_open]
Spider:2: layout_spider_delve, drop_trap
Spider:3: layout_cave_pods, nicolae_looking_at_the_future
Spider:4: grunt_spider_rune_circles, nicolae_spider_baby_got_redback,
          uniq_louise
Orc:1:    layout_caves, basic_altar, ebering_ghost_inner_flame, serial_shops,
          nicolae_shop_crystal, nicolae_shop_temple_entry_statues_fountains,
          nicolae_shop_window_shopping
Orc:2:    st_orc_mages, layout_caves, uniq_snorg
Elf:1:    dreamdust_wu_jian_sword_trials, layout_onion_city, serial_shops, shop,
          minmay_elf_annihilation
Elf:2:    elven_hall_of_blades_hangedman_original [nicolae_blade_bullseye],
          layout_geoelf_octagon, portal_desolation_entry_nicolae_nacl,
          minmay_shoptagon

Skill      XL: |  1  2  3  4  5  6  7  8  9 10 11 12 13 14 15 16 17 18 |
---------------+-------------------------------------------------------+-----
Transmutations | 1 2 |  2.0
Earth Magic    | 4 5 6 7 9 10 11 12 13 14 15 | 15.9
Spellcasting   | 3 4 5 6 7 8 9 10 11 12 13 14 | 14.7
Conjurations   | 2 3 5 7 9 11 12 14 15 17 18 | 18.9
Fighting       | 3 5 7 8 9 10 12 13 14 | 14.7
Dodging        | 3 4 6 8 9 |  9.7
Shields        | 2 |  2.0
Evocations     | 1 5 6 |  6.2
Ice Magic      | 5 |  5.3
Stealth        | |  2.1

Action                     |  1- 3 |  4- 6 |  7- 9 | 10-12 | 13-15 | 16-18 || total
---------------------------+-------+-------+-------+-------+-------+-------++-------
  Melee: Unarmed           |    73 |     1 |     3 |    15 |     7 |       ||    99
         Punch             |     2 |       |       |       |       |       ||     2
         Staff             |       |       |       |       |       |    23 ||    23
   Cast: Sandblast         |    27 |    71 |   173 |   325 |   200 |   340 ||  1136
         Stone Arrow       |       |       |     8 |    21 |       |       ||    29
         Iskenderun's Batt |       |       |     1 |    41 |    40 |     7 ||    89
         Iron Shot         |       |       |       |     9 |   207 |   215 ||   431
         Mephitic Cloud    |       |       |       |     1 |     3 |       ||     4
         Magic Dart        |       |       |       |       |    51 |     7 ||    58
         Fulminant Prism   |       |       |       |       |    42 |    10 ||    52
         Passwall          |       |       |       |       |     2 |       ||     2
         Starburst         |       |       |       |       |    26 |    57 ||    83
         Conjure Ball Ligh |       |       |       |       |       |    17 ||    17
         Freezing Cloud    |       |       |       |       |       |    12 ||    12
  Evoke: Wand              |       |     1 |       |       |     2 |    10 ||    13
         Lightning rod     |       |       |       |       |       |    10 ||    10
         Condenser vane    |       |       |       |       |       |     1 ||     1
         Phantom mirror    |       |       |       |       |       |     1 ||     1
    Use: Scroll            |       |       |    10 |     2 |    12 |    10 ||    34
         Potion            |       |       |       |     3 |     3 |     5 ||    11
 Armour: Robe              |    31 |    12 |    22 |   155 |   148 |   231 ||   599
         Leather armour    |       |       |    57 |       |       |       ||    57
  Dodge: Dodged            |    67 |    18 |    95 |   206 |   153 |   292 ||   831
  Block: Buckler           |       |       |       |       |    34 |   109 ||   143
